 Dungeon Crawl Stone Soup version 0.31.0-9-g3a7656b989 (webtiles) character file.

Game seed: 14388602718477909106

27 qw the Ducker (level 2, 0/14 HPs)
             Began as a Spriggan Hunter on Feb 2, 2024.
             Slain by a hobgoblin (2 damage)
             ... led by Robin
             ... on level 2 of the Dungeon.
             The game lasted 00:00:01 (510 turns).

qw the Ducker (Spriggan Hunter)                      Turns: 510, Time: 00:00:02

Health: 0/14       AC:  2    Str:  7    XL:     2   Next: 93%
Magic:  3/3        EV: 21    Int: 10    God:
Gold:   16         SH:  0    Dex: 24    Spells: 1/1 levels left

rFire   . . .        a - +0 shortbow
rCold   . . .        (shield currently unavailable)
rNeg    . . .        c - +0 robe
rPois   +            (helmet restricted)
rElec   .            (no cloak)
rCorr   .            (gloves unavailable)
SInv    +            (boots unavailable)
Will    .....        (no amulet)
Stlth   ++           d - ring of poison resistance
HPRegen 0.22/turn    m - +6 ring of dexterity
MPRegen 0.08/turn

%: no passive effects
@: very quick
A: very small, no large weapons, unfitting armour, see invisible, speed 3
a: no special abilities


You were on level 2 of the Dungeon.
You visited 1 branch of the dungeon, and saw 2 of its levels.

You collected 16 gold pieces.


Innate Abilities, Weirdness & Mutations

You are very small and have problems with some larger weapons.
You are too small for most types of armour.
You have supernaturally acute eyesight. (SInv)
You cover ground extremely quickly. (Speed+++)


   Skills:
 - Level 1.5 Fighting
 - Level 4.0 Ranged Weapons
 + Level 4.7 Dodging
 - Level 1.5 Stealth


You had one spell level left.
You didn't know any spells.
Your spell library was empty.

Inventory:

Hand Weapons
 a - a +0 shortbow (weapon)
Armour
 c - a +0 robe (worn)
Jewellery
 d - a ring of poison resistance (left hand)
 m - a +6 ring of dexterity (right hand)
Scrolls
 b - a scroll of vulnerability {unknown}
Potions
 g - a potion of lignification {unknown}
 j - a potion of attraction {unknown}
 k - a potion of heal wounds {unknown}
 l - a potion of magic {unknown}

Dungeon Overview and Level Annotations

Branches:
Dungeon (2/15)

Altars:

Shops:
D:2 ?


Message History

You shoot an arrow.
The arrow hits the hobgoblin but does no damage.
The goblin hits you with a +0 dagger.
You shoot an arrow.
The arrow hits the goblin but does no damage.
The goblin hits you with a +0 dagger.
You shoot an arrow. The arrow hits the goblin!
You kill the goblin!
Your Dodging skill increases to level 4!
You shoot an arrow.
The arrow hits the endoplasm but does no damage.
The endoplasm freezes you.
You are frozen.
You shoot an arrow. The arrow barely misses the endoplasm.
The arrow barely misses the hobgoblin.
The arrow hits the goblin!
You kill the goblin!
Robin roars a battlecry!
The goblins go into a battle-frenzy!
The endoplasm hits you but does no damage.
You hear a shout! x2
You shoot an arrow. The arrow hits the endoplasm!
You kill the endoplasm!
You hear a shout!
The goblin hits you with a +0 dagger.
You shoot an arrow. The arrow hits the goblin.
The goblin is heavily wounded.
The goblin hits you with a +0 dagger.
Robin roars a battlecry!
You hear a shout!
You shoot an arrow. The arrow hits the goblin.
You kill the goblin!
You shoot an arrow. The arrow hits Robin.
Robin is moderately wounded.
Robin misses you.
You shoot an arrow. The arrow hits Robin!
You kill Robin!
You shoot an arrow. The arrow barely misses the hobgoblin.
The arrow completely misses the hobgoblin.
The hobgoblin hits you.
You die...

#####
####.#.#
#......#
#.##.#.#
#<.#.####
##.#....#
#.####.#
#..@gg)##
#####.).#
7...#
#...g.....#
.g.Jg7\7.?...
..g.
.g........


ggg ##7#.#.(### .g ...... . .#.#.#. You could see 2 hobgoblins.

Vanquished Creatures
  Robin (D:2)
  3 ball pythons
  2 bats (D:1)
  2 endoplasms
  4 goblins (D:2)
  A quokka (D:1)
  A frilled lizard (D:1)
  A rat (D:1)
15 creatures vanquished.

Notes
Turn   | Place    | Note
-------+----------+-------------------------------------------
     0 | D:1      | qw the Spriggan Hunter began the quest for the Orb.
     0 | D:1      | Reached XP level 1. HP: 10/10 MP: 2/2
     0 | D:1      | 0 ||| qw: Version: 0.3-a-155-g5e7d8dd
     0 | D:1      | 0 ||| qw: Game counter: 546
     0 | D:1      | 0 ||| qw: Melee chars always use a shield: true
     0 | D:1      | 0 ||| qw: God list: Okawaru
     0 | D:1      | 0 ||| qw: Allow faded altars: false
     0 | D:1      | 0 ||| qw: Do Orc after clearing Dungeon:15 true
     0 | D:1      | 0 ||| qw: Do second Lair branch before Depths: true
     0 | D:1      | 0 ||| qw: Lair rune preference: random
     0 | D:1      | 0 ||| qw: Goals: Normal
     0 | D:1      | 0 ||| PLANNING D:1-11
   101 | D:1      | Reached skill level 3 in Dodging
   391 | D:1      | Reached XP level 2. HP: 14/14 MP: 3/3
   411 | D:1      | 411 ||| UPGRADING to ring of poison resistance.
   412 | D:1      | 412 ||| UPGRADING to +6 ring of dexterity.
   413 | D:1      | 413 ||| READING scroll labelled BOSAN KIOZEPP.
   414 | D:1      | 414 ||| READING scroll labelled AWI HUYFIYRAR.
   414 | D:1      | 414 ||| IDENTIFYING glowing inky potion
   415 | D:1      | 415 ||| READING scroll labelled WASMAI XAHO.
   415 | D:1      | 415 ||| ENCHANTING +0 shortbow.
   416 | D:1      | 416 ||| DROPPING scroll of butterflies.
   417 | D:1      | 417 ||| DROPPING potion of berserk rage.
   482 | D:2      | Found Irauteut's Magic Scroll Boutique.
   487 | D:2      | Noticed Robin
   488 | D:2      | 488 ||| RETREEEEATING.
   490 | D:2      | 490 ||| RETREEEEATING.
   492 | D:2      | 492 ||| RETREEEEATING.
   497 | D:2      | 497 ||| RETREEEEATING.
   499 | D:2      | 499 ||| RETREEEEATING.
   506 | D:2      | HP: 1/14 [goblin/+0 dagger[Robin] (5)]
   509 | D:2      | Killed Robin
   510 | D:2      | Slain by a hobgoblin

Levels and vault maps discovered:
D:1:      onia_arrival_mini_maze_b, layout_rooms
D:2:      layout_basic, serial_shops, nicolae_shop_waterfront, shop,
          nicolae_shop_trees, nicolae_shop_back_alley_shop, grunt_ministairs_9,
          uniq_robin

Skill      XL: |  1  2 |
---------------+-------+-----
Dodging        | 3 4 |  4.7
Fighting       | |  1.5
Ranged Weapons | |  4.0
Stealth        | |  1.5

Action                     || total
---------------------------++-------
   Fire: Shortbow          ||    33
    Use: Scroll            ||     3
 Armour: Robe              ||     6
  Dodge: Dodged            ||     8

Table legend:
 A = Non-vault XP
 B = Vault XP
 C = Vault XP percentage of total XP
 D = Non-vault monster count
 E = Vault monster count
 F = Vault count percentage of total count
                 A         B        C        D         E       F
            +---------+---------+-------+---------+---------+-------
      Total |      15 |      24 |  61.5 |       9 |       6 |  40.0
            +---------+---------+-------+---------+---------+-------
        D:1 |      11 |       1 |   8.3 |       7 |       1 |  12.5
        D:2 |       4 |      23 |  85.2 |       2 |       5 |  71.4
            +---------+---------+-------+---------+---------+-------
